 Dungeon Crawl Stone Soup version 0.16.2-12-gd0ad4c3 (webtiles) character file.

13379 faibistes the Thaumaturge (level 11, -4/64 HPs)
             Began as a Deep Elf Wizard on Dec 3, 2018.
             Was an Elder of Sif Muna.
             Slain by a yak (14 damage)
             ... on level 2 of the Lair of Beasts on Dec 4, 2018.
             The game lasted 00:55:17 (15100 turns).

faibistes the Thaumaturge (Deep Elf Wizard)        Turns: 15100, Time: 00:55:17

Health: -4/64      AC:  8    Str:  4    XL:     11   Next: 74%
Magic:  41/43      EV: 16    Int: 30    God:    Sif Muna [****..]
Gold:   574        SH:  0    Dex: 13    Spells: 7 memorised, 21 levels left

rFire  . . .     SeeInvis .     w - +5 dagger (drain)
rCold  . . .     Clarity  .     M - +0 robe {MR+}
rNeg   . . .     SustAb   .     (no shield)
rPois  +         Gourm    +     b - +0 hat
rElec  .         Spirit   .     N - +2 cloak "Hor Dargh" {Int+3}
rCorr  .         Warding  .     l - +1 pair of gloves
rMut   .         Stasis   .     q - +0 pair of boots
MR     ++...                    S - amulet of the gourmand
Stlth  ++........               J - ring of poison resistance
                                f - ring of magical power

@: repel missiles, very resistant to hostile enchantments, unstealthy
A: no striking features
a: Channel Energy, Forget Spell, Renounce Religion


You were on level 2 of the Lair of Beasts.
You worshipped Sif Muna.
Sif Muna was greatly pleased with you.
You were very full.

You visited 3 branches of the dungeon, and saw 15 of its levels.

You collected 574 gold pieces.

Inventory:

Hand weapons
 n - a +1 dagger of electrocution
 o - a +0 dagger
 w - a +5 dagger of draining (weapon)
 D - a +0 dagger of holy wrath
Armour
 b - a +0 hat (worn)
 l - a +1 pair of gloves (worn)
 q - a +0 pair of boots (worn)
 M - a +0 robe of magic resistance (worn)
 N - the +2 cloak "Hor Dargh" (worn) {Int+3}
   (You found it on level 10 of the Dungeon)

   It affects your intelligence (+3).
Jewellery
 f - a ring of magical power (left hand)
 r - an uncursed ring of protection from fire
 B - an uncursed ring of fire
 F - a cursed ring of flight
 J - a ring of poison resistance (right hand)
 O - the ring "Ucsates" {rElec rPois Str-5 Dex+2 Slay+2 Stlth+}
   (You took it off a wight on level 9 of the Dungeon)

   [ring of poison resistance]

   It affects your strength (-5).
   It affects your dexterity (+2).
   It affects your accuracy and damage with ranged weapons and melee attacks
   (+2).
   It insulates you from electricity.
   It protects you from poison.
   It makes you more stealthy.
 R - a +3 ring of intelligence
 S - an amulet of the gourmand (around neck)
 V - an uncursed ring of positive energy
Magical devices
 v - a wand of fireball (3)
 I - a wand of lightning (3)
 L - a wand of fireball (1)
 P - a wand of digging (9)
 U - a wand of flame (24)
Scrolls
 i - 7 scrolls of teleportation
 m - 8 scrolls of remove curse
 t - 3 scrolls of fear
Potions
 a - a potion of agility
 e - 2 potions of cure mutation
 h - a potion of flight {unknown}
 j - 2 potions of might
 k - a potion of curing
 p - a potion of heal wounds {unknown}
 s - 2 potions of magic
 x - 2 potions of lignification
 z - a potion of haste {unknown}
 A - a potion of experience {unknown}
 E - a potion of cancellation {unknown}
 H - 4 potions of restore abilities
 K - a potion of brilliance {unknown}
Books
 c - a book of Minor Magic

   Spells                             Type                      Level
   a - Magic Dart                     Conjuration                  1
   b - Blink                          Translocation                2
   c - Call Imp                       Summoning                    2
   d - Repel Missiles                 Charms/Air                   2
   e - Slow                           Hexes                        2
   f - Conjure Flame                  Conjuration/Fire             3
   g - Mephitic Cloud                 Conjuration/Poison/Air       3
 y - a book of Cantrips

   Spells                             Type                      Level
   a - Corona                         Hexes                        1
   b - Animate Skeleton               Necromancy                   1
   c - Summon Small Mammal            Summoning                    1
   d - Apportation                    Translocation                1
Comestibles
 d - 8 bread rations
 g - a slice of pizza
 u - 9 meat rations
 C - 9 fruits
 G - 4 beef jerkies
 Q - 9 royal jellies
 T - 14 chunks of flesh


   Skills:
 + Level 5.7 Fighting
 + Level 8.0 Dodging
 - Level 2.4 Stealth
 * Level 12.7 Spellcasting
 + Level 6.9 Conjurations
 + Level 5.4 Charms
 - Level 1.1 Summonings
 + Level 4.5 Translocations
 * Level 6.1 Fire Magic
 - Level 3.4 Air Magic
 - Level 2.1 Poison Magic
 * Level 5.9 Invocations
 + Level 6.6 Evocations


You had 21 spell levels left.
You knew the following spells:

 Your Spells              Type           Power        Failure   Level  Hunger
a - Magic Dart            Conj           ####         1%          1    None
b - Conjure Flame         Conj/Fire      ######..     1%          3    None
c - Call Imp              Summ           ####....     2%          2    None
d - Blink                 Tloc           N/A          1%          2    None
e - Mephitic Cloud        Conj/Pois/Air  #####...     1%          3    None
f - Repel Missiles        Chrm/Air       #####.       1%          2    None
g - Animate Skeleton      Necr           N/A          2%          1    None


Dungeon Overview and Level Annotations

Branches:
Dungeon (12/15)            Temple (1/1) D:6            Lair (2/8) D:10
    Orc (0/4) D:9

Altars:
Ashenzari
Cheibriados
Dithmenos
Elyvilon
Fedhas
Gozag
Kikubaaqudgha
Makhleb
Nemelex Xobeh
Okawaru
Qazlal
Ru
Sif Muna
Trog
Vehumet
Xom
Yredelemnul
Zin
The Shining One


Message History

You barely miss the spiny frog.
The spiny frog is moderately wounded.
The spiny frog is engulfed in roaring flames.
The spiny frog stings you! The yak gores you!
You hit the spiny frog.
The spiny frog is heavily wounded.
The spiny frog is engulfed in roaring flames.
The spiny frog barely misses you. The yak gores you.
You hit the spiny frog. You drain the spiny frog!
The spiny frog is almost dead.
The spiny frog is engulfed in roaring flames.
You kill the spiny frog!
The yak gores you but does no damage.
The porcupine bites you but does no damage.
The yak gores you but does no damage.
The yak is engulfed in roaring flames.
The yak gores you! The porcupine bites you. The yak gores you!
* * * LOW HITPOINT WARNING * * *
The yak gores you!
You die...

#.. . #...###.
.# ##..#...##...
...........
##.......... .
....#.⌠?⌠.##..#
#.....r.........
+......@Y..#
#.....YYYY.#
#..##.⌠rY.....#
# #.....#..##
....... .#
.##...... # #.
.###.... . ..#


You could see 6 yaks and 2 porcupines.

Vanquished Creatures
  Erica (D:10)
  A centaur warrior (D:9)
  Pikel (D:4)
  2 hill giants (D:10)
  2 ugly things
  A cyclops (D:11)
  2 centaur zombies
  A black mamba (Lair:1)
  A spiny frog (Lair:2)
  2 trolls (D:9)
  Prince Ribbit (D:4)
  3 slime creatures (D:11)
  A two-headed ogre (D:9)
  3 deep elf magi
  3 yaks (Lair:1)
  3 soldier ants
  A hungry ghost (D:12)
  Edmund (D:5)
  Menkaure (D:5)
  An ice beast (D:9)
  A spider (D:8)
  4 sky beasts
  2 orc warriors
  A phantom (D:4)
  A human skeleton (D:10)
  10 centaurs
  Sigmund (D:2)
  A big kobold (D:8)
  6 ogres
  A giant frog (D:9)
  A wyvern skeleton (D:10)
  2 cyclops skeletons (D:11)
  3 scorpions
  5 killer bees
  A wight (D:9)
  A troll skeleton (D:9)
  3 crimson imps
  5 jellies
  A giant frog zombie (D:6)
  A goliath beetle (D:8)
  4 orc priests
  A giant frog skeleton (D:10)
  6 hounds
  4 iguanas
  4 centaur skeletons
  11 orc wizards
  3 worker ants
  Ijyb (D:3)
  2 big kobold skeletons
  2 hound skeletons
  18 adders
  2 worker ant zombies
  5 gnolls
  A giant mite (D:6)
  4 worms
  5 shadow imps
  5 adder skeletons
  An adder zombie (D:5)
  7 giant geckos
  2 oozes
  32 orcs
  14 bats
  4 bat skeletons
  7 giant cockroaches
  11 hobgoblins
  11 jackals
  A quokka (D:4)
  3 ball pythons
  A giant gecko skeleton (D:5)
  4 giant newts
  A giant spore (D:9)
  9 goblins
  3 hobgoblin skeletons
  4 jackal skeletons
  A jackal zombie (D:5)
  19 kobolds
  A kobold skeleton (D:10)
  5 orc skeletons
  18 rats
  2 rat skeletons
  A rat zombie (D:5)
  A ballistomycete (D:8)
324 creatures vanquished.

Vanquished Creatures (collateral kills)
  A cyclops (D:11)
  A slime creature (D:11)
  A wyvern (D:10)
  3 hippogriffs (D:10)
  A slave (D:4)
  2 orc warriors
  An ice beast (D:9)
  2 eyes of draining (D:10)
  An ogre (D:7)
  A big kobold (D:10)
  Duvessa (D:8)
  4 wights (D:9)
  An electric eel (D:10)
  Dowan (D:8)
  A giant frog skeleton (D:5)
  3 hounds
  An orc wizard (D:5)
  2 worker ants
  A gnoll (D:9)
  A giant mite (D:5)
  An adder skeleton (D:9)
  A giant cockroach (D:3)
  A goblin (D:7)
  A ball python skeleton (D:4)
  2 bats (D:5)
  4 kobolds
  3 rats
43 creatures vanquished.

Vanquished Creatures (others)
  A troll (D:9)
  A shadow (D:9)
  A slave (D:5)
  A wyvern skeleton (D:10)
  A crimson imp (D:3)
  2 centaur skeletons
  An elf skeleton (D:9)
  An ogre skeleton (D:8)
  A hound skeleton (D:7)
  A human skeleton (D:5)
  A shadow imp (D:5)
  2 adder skeletons
  4 orc skeletons
  An orc (D:10)
  A bat skeleton (D:5)
  A gnoll skeleton (D:5)
  A hobgoblin (D:9)
  A bat (D:5)
  3 giant gecko skeletons
  A giant spore (D:8)
  A goblin skeleton (D:4)
  2 hobgoblin skeletons (D:9)
  2 jackal skeletons
  2 kobold skeletons
  2 rat skeletons (D:9)
  2 ballistomycetes (D:9)
38 creatures vanquished.

Grand Total: 405 creatures vanquished

Notes
Turn   | Place    | Note
--------------------------------------------------------------
     0 | D:1      | faibistes, the Deep Elf Wizard, began the quest for the Orb.
     0 | D:1      | Reached XP level 1. HP: 10/10 MP: 6/6
   301 | D:1      | Reached XP level 2. HP: 15/15 MP: 8/10
   311 | D:1      | Learned a level 2 spell: Blink
   314 | D:1      | Learned a level 2 spell: Call Imp
   986 | D:2      | Reached skill level 5 in Spellcasting
   986 | D:2      | Reached XP level 3. HP: 16/19 MP: 6/14
   996 | D:2      | Learned a level 3 spell: Conjure Flame
  1000 | D:2      | Learned a level 3 spell: Mephitic Cloud
  1359 | D:2      | Noticed Sigmund
  1373 | D:2      | Killed Sigmund
  1373 | D:2      | Reached XP level 4. HP: 24/24 MP: 2/17
  1378 | D:2      | Learned a level 2 spell: Repel Missiles
  1760 | D:2      | Reached XP level 5. HP: 28/28 MP: 16/20
  1866 | D:3      | Noticed Ijyb
  1958 | D:3      | Killed Ijyb
  1958 | D:3      | Reached skill level 6 in Spellcasting
  2121 | D:3      | Found a glowing golden altar of the Shining One.
  2567 | D:3      | Learned a level 1 spell: Animate Skeleton
  3143 | D:4      | Reached XP level 6. HP: 33/33 MP: 18/22
  3288 | D:4      | Noticed a phantom
  3299 | D:4      | Killed a phantom
  3299 | D:4      | Reached skill level 1 in Fighting
  3299 | D:4      | Reached skill level 1 in Evocations
  3301 | D:4      | Reached skill level 7 in Spellcasting
  3318 | D:4      | Found a sacrificial altar of Ru.
  3387 | D:4      | Noticed an ogre
  3392 | D:4      | Killed an ogre
  3433 | D:5      | Entered Level 5 of the Dungeon
  3446 | D:5      | Noticed Pikel
  3446 | D:5      | Noticed Menkaure
  3841 | D:4      | Noticed Prince Ribbit
  3865 | D:4      | Killed Prince Ribbit
  3865 | D:4      | Reached XP level 7. HP: 30/40 MP: 25/25
  3948 | D:4      | Found a shattered altar of Ashenzari.
  4684 | D:4      | Reached skill level 8 in Spellcasting
  4918 | D:4      | Killed Pikel
  4918 | D:4      | Reached skill level 5 in Dodging
  4918 | D:4      | Reached XP level 8. HP: 41/46 MP: 15/28
  5319 | D:5      | Reached skill level 9 in Spellcasting
  5560 | D:6      | Found a blossoming altar of Fedhas.
  5560 | D:6      | Noticed Edmund
  5623 | D:5      | Killed Edmund
  6181 | D:5      | Found an ancient bone altar of Kikubaaqudgha.
  6269 | D:4      | Found a glowing silver altar of Zin.
  6505 | D:5      | Your ally Edmund died
  6509 | D:5      | Killed Menkaure
  6913 | D:6      | Reached skill level 10 in Spellcasting
  7087 | D:6      | Reached XP level 9. HP: 22/52 MP: 30/30
  7653 | D:6      | Found a staircase to the Ecumenical Temple.
  7673 | Temple   | Entered the Ecumenical Temple
  7799 | Temple   | Became a worshipper of Sif Muna the Loreminder
  7935 | D:6      | Reached skill level 5 in Evocations
  8552 | D:7      | Reached skill level 1 in Fire Magic
  8797 | D:7      | Reached skill level 1 in Air Magic
  9029 | D:8      | Noticed Duvessa
  9029 | D:8      | Noticed Dowan
  9065 | D:8      | Killed Dowan
  9073 | D:8      | Killed Duvessa
  9073 | D:8      | Acquired Sif Muna's first power
  9352 | D:7      | Reached skill level 1 in Poison Magic
  9463 | D:10     | Entered Level 10 of the Dungeon
  9463 | D:10     | Noticed a hill giant
  9476 | D:10     | Killed a hill giant
  9476 | D:10     | Reached skill level 11 in Spellcasting
  9476 | D:10     | Reached skill level 5 in Conjurations
  9546 | D:10     | Found a staircase to the Lair.
  9994 | D:8      | Reached XP level 10. HP: 43/58 MP: 31/32
 10015 | D:8      | Acquired Sif Muna's second power
 10227 | D:8      | Reached skill level 1 in Charms
 10412 | D:9      | Found a deep blue altar of Sif Muna.
 10540 | D:9      | Reached skill level 5 in Fighting
 10594 | D:9      | Found a staircase to the Orcish Mines.
 10613 | D:9      | Noticed a centaur warrior
 10651 | D:9      | Reached skill level 1 in Invocations
 10661 | D:9      | Killed a centaur warrior
 10796 | D:9      | Got a pitted platinum ring
 10829 | D:9      | Lost strength.
 10829 | D:9      | Identified the ring "Ucsates" {rElec rPois Str-5 Dex+2 Slay+2 Stlth+} (You took it off a wight on level 9 of the Dungeon)
 10917 | D:9      | Found a burning altar of Makhleb.
 10920 | D:9      | Found an iron altar of Okawaru.
 10926 | D:9      | Found a stormy altar of Qazlal.
 11564 | D:10     | Noticed a centaur zombie
 11573 | D:10     | Killed a centaur zombie
 12552 | D:10     | Noticed Erica
 12761 | D:10     | Killed Erica
 12791 | D:10     | Got a spiked cloak
 12797 | D:10     | Identified the +2 cloak "Hor Dargh" {Int+3} (You found it on level 10 of the Dungeon)
 12965 | D:10     | Reached skill level 12 in Spellcasting
 13097 | D:12     | Found a white marble altar of Elyvilon.
 13120 | D:11     | Reached skill level 5 in Fire Magic
 13120 | D:11     | Reached XP level 11. HP: 46/64 MP: 25/34
 13370 | D:12     | Noticed a green ugly thing
 13376 | D:12     | Killed a green ugly thing
 13382 | D:12     | Noticed a cyclops
 13449 | D:12     | Noticed a brown ugly thing
 13793 | D:11     | Killed a brown ugly thing
 13848 | D:11     | Killed a cyclops
 14091 | D:11     | Reached skill level 5 in Invocations
 14191 | D:11     | Reached skill level 5 in Charms
 14287 | D:11     | Acquired Sif Muna's third power
 14474 | D:10     | Noticed a hill giant
 14481 | D:10     | Your ally Erica died
 14492 | D:10     | Killed a hill giant
 14912 | Lair:1   | Entered Level 1 of the Lair of Beasts
 15100 | Lair:2   | Slain by a yak

Action                   |  1- 3 |  4- 6 |  7- 9 | 10-12 || total
-------------------------+-------+-------+-------+-------++-------
Melee: Dagger            |     1 |     5 |    83 |   210 ||   299
 Cast: Magic Dart        |    86 |   129 |   353 |   205 ||   773
       Mephitic Cloud    |     1 |    14 |    44 |    64 ||   123
       Repel Missiles    |       |     1 |     2 |       ||     3
       Blink             |       |     7 |    22 |    22 ||    51
       Call Imp          |       |     3 |       |       ||     3
       Animate Skeleton  |       |     7 |    38 |    37 ||    82
       Conjure Flame     |       |     2 |    23 |    43 ||    68
Invok: Channel Energy    |       |       |       |     9 ||     9
Evoke: Wand              |       |       |       |     2 ||     2
  Use: Scroll            |     1 |     1 |    14 |     5 ||    21
       Potion            |       |       |     1 |     1 ||     2
 Stab: Confused          |       |     2 |     9 |    12 ||    23
       Sleeping          |       |       |     1 |       ||     1
       Distracted        |       |       |       |     1 ||     1
  Eat: Chunk             |     1 |     8 |    18 |    29 ||    56
       Fruit             |       |       |       |     3 ||     3
